 Dungeon Crawl Stone Soup version 0.22-a0-392-g5dc3fd9af9 (webtiles) character file.

182 D1HalberdGnoll the Bolt Thrower (level 5, -8/32 HPs)
             Began as a Kobold Hunter on May 1, 2018.
             Blown up by Ijyb (11 damage)
             ... with a wand of disintegration (16)
             ... on level 3 of the Dungeon.
             The game lasted 00:03:43 (2583 turns).

D1HalberdGnoll the Bolt Thrower (Kobold Hunter)     Turns: 2583, Time: 00:03:44

Health: -8/32      AC:  3    Str:  9 (10) XL:     5   Next: 93%
Magic:  5/5        EV: 21    Int: 10 (12) God:
Gold:   134        SH:  0    Dex: 19 (21) Spells: 4/4 levels left

rFire    . . .     SeeInvis .   b - +0 short sword
rCold    + . .     Gourm    .   (shield restricted)
rNeg     . . .     Faith    .   c - +0 leather armour
rPois    .         Spirit   .   (no helmet)
rElec    .         Reflect  .   (no cloak)
rCorr    .         Harm     .   (no gloves)
MR       .....                  (no boots)
Stlth    +++.......             (no amulet)
HPRegen  0.10/turn              e - ring of protection from cold
MPRegen  0.09/turn              (no ring)

@: agile, flying, hasted, very quick
A: small, carnivore
a: no special abilities


You were on level 3 of the Dungeon.
You were not hungry.

You visited 1 branch of the dungeon, and saw 3 of its levels.

You collected 134 gold pieces.

Inventory:

Hand Weapons
 a - a +1 hand crossbow
 b - a +0 short sword (weapon)
Armour
 c - a +0 leather armour (worn)
Jewellery
 e - a ring of protection from cold (left hand)
Scrolls
 g - a scroll of amnesia {unknown}
 h - a scroll of magic mapping {unknown}
 i - 4 scrolls of identify {unknown}
 j - a scroll of remove curse {unknown}
 n - 3 scrolls of immolation {unknown}
Potions
 k - 2 potions of haste
 m - a potion of agility
 o - a potion of degeneration
Comestibles
 f - 5 rations


   Skills:
 + Level 3.4 Fighting
 * Level 6.2 Crossbows
 + Level 3.7 Dodging
 + Level 3.5 Stealth


You had 4 spell levels left.
You didn't know any spells.

Dungeon Overview and Level Annotations

Branches:
Dungeon (3/15)

Altars:
Makhleb
Xom
Yredelemnul

Annotations:
D:1 exclusion: downstairs
D:3 Ijyb


Innate Abilities, Weirdness & Mutations

You are small and have problems with some larger weapons.
You are carnivorous and can eat meat at any time.


Message History

Firing (i - inventory)
d - 3 bolts (quivered)
Press: ? - help, Shift-Dir - straight line, f/p - Ijyb
Aim: Ijyb, wearing a shiny scale mail and carrying a wand of disintegration (16) (moderately wounded)
You shoot a bolt. The bolt closely misses Ijyb.
Ijyb completely misses you.
Firing (i - inventory)
d - 2 bolts (quivered)
Press: ? - help, Shift-Dir - straight line, f/p - Ijyb
Aim: Ijyb, wearing a shiny scale mail and carrying a wand of disintegration (16) (moderately wounded)
You shoot a bolt. The bolt barely misses Ijyb.
Ijyb misses you.
Firing (i - inventory)
d - a bolt (quivered)
Press: ? - help, Shift-Dir - straight line, f/p - Ijyb
Aim: Ijyb, wearing a shiny scale mail and carrying a wand of disintegration (16) (moderately wounded)
You shoot a bolt. The bolt hits Ijyb but does no damage.
Ijyb is moderately wounded.
b - a +0 short sword (weapon)
Ijyb barely misses you.
You aren't carrying any items that you can evoke.
Unknown command.
Okay, then.
Ijyb zaps a wand.
You are blasted!
You die...

..........##.#.#.###.#..######.#
#####..##.##.#g#.###.#..##..#...
#..##............#...)......
#........##..#####..#.......
#.#########..# #..##...... #.
#..# #..##...... #. #..#
#..##..#.). ##..#####...#####.#
#.@......... #.#≈≈≈ #.#.#.......
#.≈≈≈÷ ............ #..P≈≈
###.#.#.##### #...P≈ #....##
##P#.. # #.# #.#.. #.# ##.P# ..#
##.# ##.


You could see Ijyb.

Vanquished Creatures
  7 gnolls
  3 adders (D:2)
  An ooze (D:1)
  4 worms
  A dart slug (D:2)
  4 leopard geckos
  6 bats
  4 giant cockroaches
  11 goblins
  2 hobgoblins
  3 jackals (D:1)
  5 kobolds
  A quokka (D:3)
  5 frilled lizards
  11 rats
68 creatures vanquished.

Notes
Turn   | Place    | Note
-------+----------+-------------------------------------------
     0 | D:1      | D1HalberdGnoll the Kobold Hunter began the quest for the Orb.
     0 | D:1      | Reached XP level 1. HP: 12/12 MP: 1/1
   182 | D:1      | Reached skill level 5 in Crossbows
   182 | D:1      | Reached XP level 2. HP: 18/18 MP: 2/2
   339 | D:1      | Reached XP level 3. HP: 22/22 MP: 3/3
  1031 | D:2      | Reached XP level 4. HP: 27/27 MP: 4/4
  1109 | D:2      | Found a shimmering altar of Xom.
  1109 | D:2      | Found a burning altar of Makhleb.
  1303 | D:2      | Reached XP level 5. HP: 9/32 MP: 5/5
  1699 | D:2      | Reached skill level 6 in Crossbows
  1784 | D:2      | Found a basalt altar of Yredelemnul.
  2544 | D:3      | Noticed Ijyb
  2558 | D:3      | HP: 1/32 [disintegration (21)]
  2583 | D:3      | Blown up by Ijyb

Vault maps used:
D:1:      mushboom_english_gardens
D:2:      gammafunk_temple_overflow_wave, marbit_many_paths
D:3:      wad_lake_hut, grunt_temple_overflow_open, hangedman_decor_points,
          uniq_ijyb

Skill      XL: |  1  2  3  4  5 |
---------------+----------------+-----
Crossbows      | 5 6 |  6.2
Stealth        | 2 3 |  3.5
Dodging        | 3 |  3.7
Fighting       | 3 |  3.4

Action                   |  1- 3 |  4- 6 || total
-------------------------+-------+-------++-------
 Fire: Hand crossbow     |    74 |    92 ||   166
  Use: Potion            |       |     5 ||     5
  Eat: Chunk             |       |     8 ||     8
Armor: Leather armour    |     7 |     4 ||    11
Dodge: Dodged            |    20 |    23 ||    43

Table legend:
 A = Spawn XP
 B = Non-spawn XP
 C = Spawn XP percentage of total XP
 D = Spawn monster count
 E = Non-spawn monster count
 F = Spawn count percentage of total count
 G = Total turns spent on level
                    A         B        C        D         E        F      G
               +---------+---------+-------+---------+---------+-------+---------
         Total |       0 |     260 |   0.0 |       0 |      68 |   0.0 |  2583
               +---------+---------+-------+---------+---------+-------+---------
           D:1 |       0 |      50 |   0.0 |       0 |      27 |   0.0 |   813
           D:2 |       0 |     146 |   0.0 |       0 |      31 |   0.0 |  1429
           D:3 |       0 |      64 |   0.0 |       0 |      10 |   0.0 |   341
               +---------+---------+-------+---------+---------+-------+---------
